 Dungeon Crawl Stone Soup version 0.30-a0-557-ge2afbf3030 (webtiles) character file.

Game seed: 14164038309749211241

198 billz999 the Skirmisher (level 5, 0/37 (43) HPs)
             Began as a Gnoll Hunter on Dec 27, 2022.
             Slain by a gnoll
             ... wielding a +0 whip
             ... led by a gnoll bouda
              (7 damage)
             ... on level 4 of the Dungeon.
             The game lasted 00:04:24 (2840 turns).

billz999 the Skirmisher (Gnoll Hunter)              Turns: 2840, Time: 00:04:24

HP:   0/37 (43)     AC:  4    Str: 10    XL:     5   Next: 77%
MP:   7/7           EV: 14    Int:  8    God:
Gold: 162           SH:  0    Dex: 18    Spells: 7/7 levels left

rFire   . . .      SeeInvis .    a - +0 shortbow
rCold   . . .      Faith    .    (shield currently unavailable)
rNeg    . . .      Spirit   .    c - +0 leather armour
rPois   .          Reflect  .    (no helmet)
rElec   .          Harm     .    (no cloak)
rCorr   .          Rampage  .    i - +0 pair of gloves
Will    .....                    (no boots)
Stlth   ++                       (no amulet)
HPRegen 0.26/turn                (no ring)
MPRegen 0.10/turn                (no ring)

@: about to teleport, weakened, heavily drained
A: fangs 1, strong nose, distributed training
a: no special abilities


You were on level 4 of the Dungeon.
You visited 1 branch of the dungeon, and saw 4 of its levels.

You collected 162 gold pieces.

Inventory:

Hand Weapons
 a - a +0 shortbow (weapon)
 p - a +2 short sword of draining
Armour
 c - a +0 leather armour (worn)
 i - a +0 pair of gloves (worn)
Scrolls
 b - 2 scrolls of immolation
 d - a scroll of identify
 e - a scroll of brand weapon
 g - a scroll of vulnerability {unknown}
 l - a scroll of teleportation
 m - 2 scrolls of poison
 q - a scroll of amnesia {unknown}
Potions
 f - a potion of flight {unknown}
 h - 3 potions of curing {unknown}
 j - a potion of magic {unknown}
 k - a potion of haste {unknown}
 n - a potion of resistance {unknown}
 o - a potion of mutation {unknown}


   Skills:
 + Level 4.9 Fighting
 + Level 1.7 Short Blades
 + Level 1.7 Long Blades
 + Level 1.7 Axes
 + Level 1.7 Maces & Flails
 + Level 1.7 Polearms
 + Level 1.7 Staves
 + Level 8.7 Ranged Weapons
 + Level 1.7 Throwing
 + Level 1.7 Armour
 + Level 4.9 Dodging
 + Level 2.9 Stealth
 + Level 1.7 Shields
 + Level 1.7 Unarmed Combat
 + Level 1.7 Spellcasting
 + Level 1.3 Conjurations
 + Level 1.3 Hexes
 + Level 1.3 Summonings
 + Level 1.3 Necromancy
 + Level 1.3 Translocations
 + Level 1.3 Transmutations
 + Level 1.3 Fire Magic
 + Level 1.3 Ice Magic
 + Level 1.3 Air Magic
 + Level 1.3 Earth Magic
 + Level 1.3 Poison Magic
 + Level 1.9 Invocations
 + Level 1.7 Evocations


You had 7 spell levels left.
You didn't know any spells.
Your spell library was empty.

Dungeon Overview and Level Annotations

Branches:
Dungeon (4/15)
 Temple: D:4-7

Altars:

Annotations:
D:2 1 runed translucent door, Crazy Yiuf


Innate Abilities, Weirdness & Mutations

You have very sharp teeth.
Your uncanny sense of smell can sniff out nearby items.
Your experience applies equally to all skills.


Message History

Fire: a) +0 shortbow
Press: ? - help, Shift-Dir - straight line, f - gnoll, p - gnoll
Aim: a gnoll, wielding a +0 spear (severely wounded, covering ground quickly, 70% to hit)
You shoot an arrow.
The arrow closely misses the necrophage.
The arrow closely misses the gnoll.
The arrow hits the gnoll.
The gnoll is heavily wounded.
The gnoll is no longer moving quickly. x2; The gnoll barely misses you.
The necrophage hits you but does no damage.
The necrophage attacks as you move away!
The necrophage hits you.
The gnoll shouts!
The gnoll is no longer moving quickly.
The gnoll bouda calls upon its god to heal the gnoll.
The gnoll is healed somewhat.
You aren't carrying any items that you can evoke.
Unknown command.
As you read the scroll labelled XOIFUPL CUMMU, it crumbles to dust.
It is a scroll of identify.
e - a scroll of brand weapon The gnoll barely misses you.
The gnoll bouda barks out a call to the hunt!
The gnolls pick up the pace!
The necrophage hits you but does no damage.
The necrophage hits you.
You feel drained. The gnoll hits you with a +0 whip!
The necrophage attacks as you move away!
The necrophage hits you.
You feel drained. The gnoll misses you.
The gnoll bouda barks out a call to the hunt!
The gnoll picks up the pace!
The gnoll attacks as you move away! The gnoll misses you. x2
As you read the scroll labelled RAXUCL GOYRAU, it crumbles to dust.
You feel strangely unstable.
It was a scroll of teleportation.
The gnoll hits you with a +0 whip!
* * * LOW HITPOINT WARNING * * *
The gnoll bouda gazes fiercely through you!
You feel your attacks grow feeble. The necrophage completely misses you.
The gnoll barely misses you.
Okay, then.
The gnoll attacks as you move away! The gnoll hits you with a +0 whip!
You die...

#. ... ###
...### #.#
.###....# ##@##
...#....####gng#
.....?..#...gg.#
...............#
. #...........##
.###.#...>##..##
.....#.......##
##.....#.......#
..g..........###


You could see a necrophage, a gnoll bouda and 3 gnolls.

Vanquished Creatures
  A scorpion (D:3)
  A hound (D:3)
  An iguana (D:4)
  3 adders
  2 dart slugs (D:3)
  2 orcs
  4 endoplasms
  2 giant cockroaches (D:1)
  2 goblins (D:1)
  5 hobgoblins
  4 jackals (D:3)
  2 kobolds (D:4)
  4 quokkas
  3 ball pythons
  5 bats
  A frilled lizard (D:1)
  3 rats (D:1)
45 creatures vanquished.

Notes
Turn   | Place    | Note
-------+----------+-------------------------------------------
     0 | D:1      | billz999 the Gnoll Hunter began the quest for the Orb.
     0 | D:1      | Reached XP level 1. HP: 20/20 MP: 1/1
   587 | D:1      | Reached XP level 2. HP: 26/26 MP: 2/2
  1095 | D:2      | Reached XP level 3. HP: 31/31 MP: 2/4
  1361 | D:2      | Found a runed translucent door.
  1362 | D:2      | Noticed Crazy Yiuf
  1638 | D:3      | Reached skill level 1 in Invocations
  1736 | D:3      | Reached skill level 1 in Short Blades
  1736 | D:3      | Reached skill level 1 in Long Blades
  1736 | D:3      | Reached skill level 1 in Axes
  1736 | D:3      | Reached skill level 1 in Maces & Flails
  1736 | D:3      | Reached skill level 1 in Polearms
  1736 | D:3      | Reached skill level 1 in Staves
  1736 | D:3      | Reached skill level 1 in Throwing
  1736 | D:3      | Reached skill level 1 in Armour
  1736 | D:3      | Reached skill level 1 in Shields
  1736 | D:3      | Reached skill level 1 in Unarmed Combat
  1736 | D:3      | Reached skill level 1 in Spellcasting
  1736 | D:3      | Reached skill level 1 in Evocations
  1755 | D:3      | Noticed a scorpion
  1767 | D:3      | Killed a scorpion
  1768 | D:3      | Reached skill level 1 in Conjurations
  1768 | D:3      | Reached skill level 1 in Hexes
  1768 | D:3      | Reached skill level 1 in Summonings
  1768 | D:3      | Reached skill level 1 in Necromancy
  1768 | D:3      | Reached skill level 1 in Translocations
  1768 | D:3      | Reached skill level 1 in Transmutations
  1768 | D:3      | Reached skill level 1 in Fire Magic
  1768 | D:3      | Reached skill level 1 in Ice Magic
  1768 | D:3      | Reached skill level 1 in Air Magic
  1768 | D:3      | Reached skill level 1 in Earth Magic
  1768 | D:3      | Reached skill level 1 in Poison Magic
  1768 | D:3      | Reached XP level 4. HP: 17/38 MP: 5/5
  2002 | D:3      | Reached XP level 5. HP: 43/43 MP: 5/7
  2840 | D:4      | Slain by a gnoll

Illustrated notes

Levels and vault maps discovered:
D:1:      dpeg_arrival_pits, layout_basic, hex_intersection
D:2:      layout_loops_cross, uniq_crazy_yiuf_cottage
D:3:      layout_loops_corners
D:4:      layout_cave_pools, nicolae_hepliaklqana_hazy_memory, st_stairs_5

Skill      XL: |  1  2  3 |
---------------+----------+-----
Invocations    | 1 |  1.9
Short Blades   | 1 |  1.7
Long Blades    | 1 |  1.7
Axes           | 1 |  1.7
Maces & Flails | 1 |  1.7
Polearms       | 1 |  1.7
Staves         | 1 |  1.7
Throwing       | 1 |  1.7
Armour         | 1 |  1.7
Shields        | 1 |  1.7
Unarmed Combat | 1 |  1.7
Spellcasting   | 1 |  1.7
Evocations     | 1 |  1.7
Conjurations   | 1 |  1.3
Hexes          | 1 |  1.3
Summonings     | 1 |  1.3
Necromancy     | 1 |  1.3
Translocations | 1 |  1.3
Transmutations | 1 |  1.3
Fire Magic     | 1 |  1.3
Ice Magic      | 1 |  1.3
Air Magic      | 1 |  1.3
Earth Magic    | 1 |  1.3
Poison Magic   | 1 |  1.3
Fighting       | |  4.9
Ranged Weapons | |  8.7
Dodging        | |  4.9
Stealth        | |  2.9

Action                   |  1- 3 |  4- 6 || total
-------------------------+-------+-------++-------
Melee: Short sword       |       |     7 ||     7
       Bite              |       |     2 ||     2
 Fire: Shortbow          |    89 |    56 ||   145
  Use: Scroll            |     1 |     2 ||     3
Armor: Leather armour    |    11 |    14 ||    25
Dodge: Dodged            |    25 |    35 ||    60

Table legend: (Time is in decaauts)
 A = Elapsed time spent in this place.
 B = Non-inter-level travel time spent in this place.
 C = Inter-level travel time spent in this place.
 D = Time resting spent in this place.
 E = Time spent auto-exploring this place.
 F = Levels seen in this place.
 G = Mean time per level.
                   A        B        C        D        E       F      G
               +--------+--------+--------+--------+--------+-----+--------+
         Total |   2856 |   2709 |    147 |    300 |   2105 |   4 |  714.0 |
       Dungeon |   2856 |   2709 |    147 |    300 |   2105 |   4 |  714.0 |
               +--------+--------+--------+--------+--------+-----+--------+

Top non-repeatable levels by time:
     D:1: 1030 daAuts
     D:3: 975 daAuts
     D:2: 589 daAuts
     D:4: 260 daAuts
